 Dungeon Crawl Stone Soup version 0.19.0-16-g73b5abf (webtiles) character file.

55 Chiseanne the Magician (level 3, -1/24 HPs)
             Began as a Demonspawn Wizard on Nov 10, 2016.
             Slain by a worm (7 damage)
             ... on level 2 of the Dungeon.
             The game lasted 00:02:25 (2432 turns).

Chiseanne the Magician (Demonspawn Wizard)          Turns: 2432, Time: 00:02:26

Health: -1/24      AC:  5    Str:  7    XL:     3   Next: 67%
Magic:  1/8        EV: 17    Int: 20    God:
Gold:   76         SH:  0    Dex: 16    Spells: 1 memorised, 8 levels left

rFire  . . .     SeeInvis .     e - +0 dagger
rCold  . . .     Gourm    .     a - +0 robe
rNeg   . . .     Faith    .     (no shield)
rPois  .         Spirit   .     b - +1 hat
rElec  .         Reflect  .     (no cloak)
rCorr  .         Harm     .     (no gloves)
MR     .....                    (no boots)
Stlth  +++.......               (no amulet)
                                (no ring)
                                (no ring)

@: agile
A: icy blue scales 1, powered by pain 1
a: no special abilities


You were on level 2 of the Dungeon.
You were hungry.

You visited 1 branch of the dungeon, and saw 2 of its levels.

You collected 76 gold pieces.

Inventory:

Hand Weapons
 e - a +0 dagger (weapon)
Missiles
 f - 5 needles of confusion
 i - 87 stones (quivered)
 l - 12 poisoned needles
Armour
 a - a +0 robe (worn)
 b - a +1 hat (worn)
Scrolls
 m - a scroll of random uselessness {unknown}
Potions
 g - a potion of flight {unknown}
 h - a potion of agility {unknown}
 j - 3 potions of heal wounds {unknown}
Books
 c - a book of Minor Magic

   Spells                             Type                      Level
   a - Magic Dart                     Conjuration                  1
   b - Blink                          Translocation                2
   c - Call Imp                       Summoning                    2
   d - Repel Missiles                 Charms/Air                   2
   e - Slow                           Hexes                        2
   f - Conjure Flame                  Conjuration/Fire             3
   g - Mephitic Cloud                 Conjuration/Poison/Air       3
Comestibles
 d - 3 bread rations


   Skills:
 - Level 1.7 Dodging
 - Level 1.7 Stealth
 * Level 3.8 Spellcasting
 * Level 2.6 Conjurations
   Level 1.0 Summonings
   Level 0.8 Translocations


You had 8 spell levels left.
You knew the following spells:

 Your Spells              Type           Power        Failure   Level  Hunger
a - Magic Dart            Conj           ##..         4%          1    None


Dungeon Overview and Level Annotations

Branches:
Dungeon (2/15)

Altars:
Ashenzari
Cheibriados


Innate Abilities, Weirdness & Mutations

You are partially covered in icy blue scales. (AC +2)
You sometimes gain a little power by taking damage.


Message History

You don't have enough magic to cast that spell.
Casting: Magic Dart
Confirm with . or Enter, or press ? or * to list all spells.
You don't have enough magic to cast that spell.
Casting: Magic Dart
Confirm with . or Enter, or press ? or * to list all spells.
You don't have enough magic to cast that spell.
The worm bites you!
You hit the worm.
The worm is severely wounded.
You barely miss the worm.
The worm is severely wounded.
The worm bites you!
* * * LOW HITPOINT WARNING * * *
You focus on the pain.
You feel agile all of a sudden.
You barely miss the worm.
The worm is severely wounded.
The worm bites you!
You die...

########.# #..# #.# #... #.#
#..# #.# #.## #.####..#
#.#### #.## #...##..# #....#
#.# #.#.....#########.# #.#
#....###...#...# #.# #.#
#..............# #.# #.#
......######.....###.#####.#
##.#.#. #.@....#.........#
#..### #.w.######.#######
#.# .....#_'....######## ##
###...####.#.........
#......#...########
#......#...# ##.....#####
###...#


You could see a worm.

Vanquished Creatures
  An adder (D:2)
  A worm (D:2)
  2 leopard geckos (D:2)
  2 giant cockroaches
  6 goblins
  6 hobgoblins
  6 kobolds
  A quokka (D:2)
  5 bats
  2 frilled lizards
  7 rats
39 creatures vanquished.

Notes
Turn   | Place    | Note
-------+----------+-------------------------------------------
     0 | D:1      | Chiseanne the Demonspawn Wizard began the quest for the Orb.
     0 | D:1      | Reached XP level 1. HP: 13/13 MP: 4/4
   273 | D:1      | Gained mutation: You sometimes gain a little power by taking damage. [demonic ancestry]
   273 | D:1      | Reached XP level 2. HP: 11/19 MP: 0/6
  1571 | D:2      | Found a shattered altar of Ashenzari.
  1679 | D:2      | Gained mutation: You are partially covered in icy blue scales. (AC +2) [demonic ancestry]
  1679 | D:2      | Reached XP level 3. HP: 24/24 MP: 5/8
  1794 | D:2      | Found a snail-covered altar of Cheibriados.
  2432 | D:2      | Slain by a worm

Skill      XL: |  1  2 |
---------------+-------+-----
Conjurations   | 2 |  2.6
Dodging        | |  1.7
Stealth        | |  1.7
Spellcasting   | |  3.8
Summonings     | |  1.0
Translocations | |  0.8

Action                   || total
-------------------------++-------
Melee: Dagger            ||    45
 Cast: Magic Dart        ||    94
  Use: Scroll            ||     2
  Eat: Chunk             ||     4
Armor: Robe              ||     7
Dodge: Dodged            ||    33
